 Dungeon Crawl Stone Soup version 0.29.1-15-g9cfb28693d (webtiles) character file.

Game seed: 16667396138406661444

676 jtron the Vexing (level 7, -3/36 HPs)
             Began as a Spriggan Enchanter on Feb 27, 2023.
             Was an Initiate of Dithmenos.
             Slain by a centaur (5 damage)
             ... on level 5 of the Dungeon.
             The game lasted 00:24:23 (4273 turns).

jtron the Vexing (Spriggan Enchanter)               Turns: 4273, Time: 00:24:24

Health: -3/36      AC:  2    Str:  4    XL:     7   Next: 33%
Magic:  7/15       EV: 16    Int: 18    God:    Dithmenos [......]
Gold:   733        SH:  5    Dex: 16    Spells: 7/15 levels left

rFire   . . .      SeeInvis +   a - +1 dagger (elec)
rCold   . . .      Faith    .   d - +0 buckler
rNeg    . . .      Spirit   .   r - +0 robe
rPois   +          Reflect  .   (helmet restricted)
rElec   .          Harm     .   h - scarf {+Inv}
rCorr   .          Rampage  .   (gloves unavailable)
Will    +....                   (boots unavailable)
Stlth   +++.......              (no amulet)
HPRegen 0.12/turn               t - ring of poison resistance
MPRegen 0.14/turn               (no ring)

@: confusing by touch, very quick
A: very small, no large weapons, unfitting armour, see invisible, speed 3
a: Renounce Religion, Evoke Invisibility


You were on level 5 of the Dungeon.
You worshipped Dithmenos.
Dithmenos was noncommittal.
You visited 2 branches of the dungeon, and saw 6 of its levels.

You collected 733 gold pieces.

Inventory:

Hand Weapons
 a - a +1 dagger of electrocution (weapon)
 b - a +0 sling
Missiles
 f - 42 stones
 g - 6 poisoned darts
 k - 7 boomerangs
Armour
 d - a +0 buckler (worn)
 h - a scarf of invisibility (worn)
 r - a +0 robe (worn)
Magical Staves
 l - a staff of cold
Jewellery
 t - a ring of poison resistance (left hand)
Scrolls
 m - 3 scrolls of butterflies
 o - 2 scrolls of amnesia
 q - 4 scrolls of identify
Potions
 c - a potion of invisibility
 e - 4 potions of curing
 i - a potion of haste
 j - a potion of lignification {unknown}
 n - 2 potions of heal wounds
 p - a potion of magic {unknown}
 v - a potion of brilliance {unknown}


   Skills:
 * Level 3.1 Fighting
 + Level 3.2 Short Blades
 + Level 1.1 Ranged Weapons
 - Level 2.8 Dodging
 - Level 5.0 Stealth
 + Level 0.4 Shields
 + Level 4.8 Spellcasting
 + Level 5.2 Hexes
 + Level 2.5 Ice Magic


You had 7 spell levels left.
You knew the following spells:

 Your Spells              Type           Power      Damage    Failure   Level
a - Ensorcelled Hibernat  Hex/Ice        36%        N/A       10%         2
b - Confusing Touch       Hex            23%        N/A       11%         3
c - Tukima's Dance        Hex            23%        N/A       11%         3

Your spell library contained the following spells:

 Spells                   Type           Power      Damage    Failure   Level
 Dazzling Flash           Conj/Hex       26%        N/A       30%         3


Dungeon Overview and Level Annotations

Branches:
Dungeon (5/15)             Temple (1/1) D:4

Altars:
Ashenzari
Cheibriados
Dithmenos
Elyvilon
Fedhas
Gozag
Hepliaklqana
Makhleb
Okawaru
Qazlal
Ru
Yredelemnul
The Shining One
Lugonu

Shops:
D:4 [(*(

Annotations:
D:4 Menkaure


Innate Abilities, Weirdness & Mutations

You are very small and have problems with some larger weapons.
You are too small for most types of armour.
You have supernaturally acute eyesight. (SInv)
You cover ground extremely quickly. (Speed+++)


Message History

You block the arrow.
Casting: Ensorcelled Hibernation (safe; 10% risk of failure)
Confirm with . or Enter, or press ? or * to list all spells.
Aiming: Ensorcelled Hibernation (safe; 10% risk of failure)
Press: ? - help, Shift-Dir - straight line, f - centaur
Aim: a centaur, wielding a +0 shortbow (chance to affect: 50%)
The centaur resists with some effort.
The hornet buzzes angrily.
The centaur shoots an arrow.
You block the arrow.
Casting: Ensorcelled Hibernation (safe; 10% risk of failure)
Confirm with . or Enter, or press ? or * to list all spells.
The spell is quite dangerous to miscast (11% risk of failure)!
Continue anyway?
Your hands begin to glow red.
The centaur shoots an arrow.
The arrow barely misses you.
The centaur shoots an arrow.
The arrow hits you!
The centaur unwields a +0 shortbow.
You block the centaur's attack. The centaur closely misses you.
You hit the centaur but do no damage. You block the centaur's attack.
The centaur kicks you.
Casting: Confusing Touch (quite dangerous; 11% risk of failure)
Confirm with . or Enter, or press ? or * to list all spells.
Aiming: Ensorcelled Hibernation (safe; 10% risk of failure)
Press: ? - help, Shift-Dir - straight line, f/p - centaur
Aim: a centaur (chance to confuse on hit: 55%, chance to affect: 50%)
The centaur resists with some effort.
You block the centaur's attack. The centaur kicks you.
Casting: Ensorcelled Hibernation (safe; 10% risk of failure)
Confirm with . or Enter, or press ? or * to list all spells.
Aiming: Ensorcelled Hibernation (safe; 10% risk of failure)
Press: ? - help, Shift-Dir - straight line, f/p - centaur
Aim: a centaur (chance to confuse on hit: 55%, chance to affect: 50%)
The centaur resists with some effort.
The centaur hits you. The centaur kicks you. The centaur barely misses you.
You block the centaur's attack. The hornet misses you.
You barely miss the hornet. You block the centaur's attack.
The centaur closely misses you. The hornet stings you!
* * * LOW HITPOINT WARNING * * *
Okay, then.
As you read the scroll of butterflies, it crumbles to dust.
You hear the tinkle of a tiny bell.
The centaur hits you.
You die...

#..by.....# #........
#..b......#
#.........
#..bbbb..).#
#..o.......
###.###.....
o####....... #b#
..##. . ###.# #.# .##
#...# #b# ...# ##.###
#c# ###.... #..# #@##
....... #..#
#yb###.......
#..#######b##........
##......##)..........
#..###.....###..#....
#..............## # .
##.####.........## ..
#?#
#>.........#####.#
#.#
#.......##)##....###


You could see a hornet (ally target) and a centaur (ally target).

Vanquished Creatures
  2 ogres
  2 phantoms
  A scorpion (D:4)
  A necrophage (D:4)
  An orc priest (D:5)
  A hound (D:4)
  An iguana (D:5)
  Robin (D:3)
  5 adders
  An ufetubus (D:4)
  3 worms
  2 dart slugs
  6 orcs
  5 ball pythons
  4 endoplasms
  3 giant cockroaches
  14 goblins
  7 hobgoblins
  6 jackals (D:2)
  2 kobolds (D:3)
  4 quokkas
  3 bats (D:2)
  3 frilled lizards
  7 rats
85 creatures vanquished.

Vanquished Creatures (others)
  A kobold brigand (D:5)
  A quokka (D:5)
2 creatures vanquished.

Grand Total: 87 creatures vanquished

Notes
Turn   | Place    | Note
-------+----------+-------------------------------------------
     0 | D:1      | jtron the Spriggan Enchanter began the quest for the Orb.
     0 | D:1      | Reached XP level 1. HP: 9/9 MP: 5/5
    61 | D:1      | You fall into a shaft and drop 1 floor!
   160 | D:2      | Reached skill level 1 in Fighting
   181 | D:2      | Reached XP level 2. HP: 14/14 MP: 6/6
   184 | D:2      | Learned a level 2 spell: Ensorcelled Hibernation
   386 | D:2      | Reached XP level 3. HP: 8/18 MP: 4/8
  1064 | D:3      | Found a stormy altar of Qazlal.
  1201 | D:3      | Identified a scroll of acquirement
  1201 | D:3      | Acquired 536 gold pieces
  1410 | D:3      | Found an opulent altar of Gozag.
  1648 | D:3      | Found a broken altar of Ashenzari.
  1910 | D:3      | Reached XP level 4. HP: 23/23 MP: 2/9
  2013 | D:3      | Noticed Robin
  2016 | D:3      | Killed Robin
  2254 | D:4      | Reached skill level 1 in Ice Magic
  2495 | D:4      | Noticed a scorpion
  2499 | D:4      | Killed a scorpion
  2500 | D:4      | Reached XP level 5. HP: 26/26 MP: 7/11
  2545 | D:4      | Noticed an ogre
  2553 | D:4      | Killed an ogre
  2554 | D:4      | Reached skill level 5 in Stealth
  2554 | D:4      | Reached XP level 6. HP: 30/30 MP: 12/12
  2570 | D:4      | Found a staircase to the Ecumenical Temple.
  2578 | Temple   | Entered the Ecumenical Temple
  2623 | Temple   | Learned a level 3 spell: Confusing Touch
  2627 | Temple   | Learned a level 3 spell: Tukima's Dance
  2747 | D:4      | Noticed Menkaure
  2841 | D:4      | Found Tagah's General Store.
  2850 | D:4      | Reached skill level 1 in Ranged Weapons
  2922 | D:4      | Found Ockotuur's Weapon Emporium.
  2942 | D:4      | Found a shadowy altar of Dithmenos.
  3008 | D:4      | Became a worshipper of Dithmenos the Shadowed
  3167 | D:4      | Found Zorch's Antique Weapon Shop.
  3407 | D:4      | Found Fausibyn's Antique Armour Boutique.
  3630 | D:5      | Entered Level 5 of the Dungeon
  3634 | D:5      | Noticed a hornet
  4034 | D:5      | Reached XP level 7. HP: 30/35 MP: 7/14
  4148 | D:5      | Reached skill level 5 in Hexes
  4273 | D:5      | Slain by a centaur

Illustrated notes

Levels and vault maps discovered:
D:1:      dpeg_arrival_shelter, layout_rooms, shapermc_ecumenical_altar_pompeii
D:2:      layout_loops_ring
D:3:      layout_basic, ashenzari_conservatory_becter, grunt_qazlal_clouds,
          nicolae_gozag_cash_rules_everything_around_me, uniq_robin
D:4:      layout_loops_corners, nicolae_dithmenos_through_a_glass_darkly,
          minmay_temple_entry_overgrown, serial_shops, kennysheep_little_box,
          nicolae_shop_hallway_plus, kennysheep_mini, nicolae_lakefront_shop,
          nicolae_shop_temple_entry_statues_fountains,
          kennysheep_generic_room_4, uniq_menkaure
D:5:      layout_rooms, nicolae_overflow_crystal_walls, xom_confusion_cloud,
          trog_hazing_becter, gup_ossuary_entry_pyramid
Temple:   corrupted_temple

Skill      XL: |  1  2  3  4  5  6  7 |
---------------+----------------------+-----
Fighting       | 1 2 3 |  3.1
Hexes          | 4 5 |  5.2
Spellcasting   | 3 4 |  4.8
Short Blades   | 2 3 |  3.2
Ice Magic      | 1 2 |  2.5
Stealth        | 5 |  5.0
Ranged Weapons | 1 |  1.1
Dodging        | |  2.8
Shields        | |  0.4

Action                   |  1- 3 |  4- 6 |  7- 9 || total
-------------------------+-------+-------+-------++-------
Melee: Dagger            |   110 |    71 |    13 ||   194
 Fire: Sling             |       |     5 |       ||     5
Throw: Stone             |     4 |       |       ||     4
 Cast: Ensorcelled Hiber |    19 |    25 |    11 ||    55
       Confusing Touch   |       |     2 |     1 ||     3
  Use: Potion            |     2 |       |       ||     2
       Scroll            |     7 |     3 |     1 ||    11
 Stab: Sleeping          |    21 |    18 |     3 ||    42
       Invisible         |     1 |       |       ||     1
       Distracted        |       |     1 |       ||     1
       Confused          |       |     1 |       ||     1
Armor: Robe              |     7 |     2 |       ||     9
Dodge: Dodged            |    53 |    23 |    10 ||    86
Block: Buckler           |    26 |    14 |     7 ||    47
